 Dungeon Crawl Stone Soup version 0.30.0-5-g1a98f26d00 (webtiles) character file.

Game seed: 16047771470690065646

98 qeuew the Cudgeller (level 4, 0/29 HPs)
             Began as a Gargoyle Monk on May 9, 2023.
             Slain by a gnoll
             ... wielding a +0 flail
              (5 damage)
             ... on level 3 of the Dungeon.
             The game lasted 00:02:14 (1591 turns).

qeuew the Cudgeller (Gargoyle Monk)                 Turns: 1591, Time: 00:02:15

Health: 0/29       AC:  2    Str: 15    XL:     4   Next: 69%
Magic:  5/5        EV: 12    Int: 10    God:
Gold:   119        SH:  0    Dex: 14    Spells: 4/4 levels left

rFire   + + .        a - +0 mace
rCold   . . .        d - orb {light}
rNeg    + . .        f - +0 leather armour of Ileaw {*Corrode rF++ Regen+}
rPois   ∞            (no helmet)
rElec   +            (no cloak)
rCorr   .            (no gloves)
SInv    .            (no boots)
Will    .....        (no amulet)
Stlth   +            (no ring)
HPRegen 1.04/turn    (no ring)
MPRegen 0.09/turn

%: corrode self (3%)
@: corroded, slowed, glowing, very slow
A: sickness immunity, AC +3, negative energy resistance 1, electricity
resistance, torment resistance 1, petrification resistance
a: no special abilities


You were on level 3 of the Dungeon.
You visited 1 branch of the dungeon, and saw 3 of its levels.

You collected 119 gold pieces.

Inventory:

Hand Weapons
 a - a +0 mace (weapon)
Armour
 d - an orb of light (worn)
 f - the +0 leather armour of Ileaw (worn) {*Corrode rF++ Regen+}
   (You found it on level 3 of the Dungeon)

   rF:        It greatly protects you from fire.
   Regen:     It increases your rate of health regeneration.
   *Corrode:  It may corrode you when you take damage.
Scrolls
 b - 2 scrolls of poison
Potions
 c - a potion of ambrosia
 e - a potion of flight {unknown}


   Skills:
 + Level 3.7 Fighting
 * Level 3.8 Maces & Flails
 * Level 2.3 Armour
 + Level 2.8 Dodging
 + Level 0.8 Spellcasting


You had 4 spell levels left.
You didn't know any spells.
Your spell library contained the following spells:

 Spells                   Type           Power      Damage    Failure   Level
 Shock                    Conj/Air       0%         1d3       41%         1
 Swiftness                Air            0%         N/A       78%         3
 Airstrike                Air            0%         2d(0-16)  99%         4


Dungeon Overview and Level Annotations

Branches:
Dungeon (3/15)

Altars:


Innate Abilities, Weirdness & Mutations

You are immune to sickness and miasma.
Your stone body is resilient. (AC +3)
You are immune to poison.
You resist negative energy. (rN+)
You are resistant to electric shocks. (rElec)
You are resistant to unholy torment.
You are immune to petrification.


Message History

The gnoll shouts!
You hear an angry hiss.
You hear a shout!
A gnoll is nearby!
No target in view!
No target in view!
No target in view!
No target in view!
No target in view!
No target in view!
No target in view!
No target in view!
No target in view!
No target in view!
No target in view!
No target in view!
Natasha, Servant of Life and Death comes into view.
Natasha hisses angrily.
There is an escape hatch in the floor here.
A giant cockroach, a hobgoblin and 2 gnolls come into view.
The gnoll shouts!
The gnoll closely misses you.
You hit Natasha.
Natasha is moderately wounded.
A giant cockroach comes into view.
Natasha casts a spell at you.
You feel yourself slow down.
The gnoll hits you from afar with a +0 halberd!
You thump Natasha!
Natasha is almost dead.
Natasha closely misses you. The gnoll closely misses you. Natasha claws you.
The gnoll hits you from afar with a +0 halberd.
The hobgoblin hits you.
You hit Natasha.
You kill Natasha!
Natasha screams in fury as she dies!
The hobgoblin hits you. The gnoll closely misses you.
The hobgoblin hits you but does no damage.
The gnoll hits you from afar with a +0 halberd!
* * * LOW HITPOINT WARNING * * *
Your corrosive artefact corrodes you!
The gnoll hits you with a +0 flail.
You die...

...†....#
..).....#
......
........# .....
........#
....###
####..######
......
#.........#
g...#
#........[#
g...#
#.........#
####gB#
#####....##
#.>@g#
#####.####.####
#(.........#
#.......####
#.......#
#.......#
######>.. #####


You could see 3 gnolls, a giant cockroach and a hobgoblin.

Vanquished Creatures
  Natasha (D:3)
  2 adders
  5 dart slugs
  4 ball pythons
  3 bats
  4 endoplasms
  2 giant cockroaches
  6 goblins
  6 hobgoblins
  14 jackals
  4 quokkas
  3 frilled lizards
  2 kobolds (D:1)
  5 rats
61 creatures vanquished.

Notes
Turn   | Place    | Note
-------+----------+-------------------------------------------
     0 | D:1      | qeuew the Gargoyle Monk began the quest for the Orb.
     0 | D:1      | Reached XP level 1. HP: 14/14 MP: 1/1
    27 | D:1      | Reached XP level 2. HP: 10/19 MP: 2/2
    36 | D:1      | Reached skill level 1 in Armour
   196 | D:1      | Reached XP level 3. HP: 23/23 MP: 3/3
  1060 | D:2      | Reached XP level 4. HP: 28/28 MP: 4/4
  1518 | D:3      | Identified the +0 leather armour of Ileaw {*Corrode rF++
                  | Regen+}
  1587 | D:3      | Noticed Natasha
  1591 | D:3      | Killed Natasha
  1591 | D:3      | Slain by a gnoll

Illustrated notes

Levels and vault maps discovered:
D:1:      nicolae_arrival_memento_mori, layout_basic, serial_corexii_hall,
          corexii_hall_statues_t, chequers_hall_statues_y,
          chequers_hall_statues_corner_a, corexii_hall_statues_u
D:2:      layout_basic
D:3:      minmay_roachtagon, layout_basic, uniq_natasha

Skill      XL: |  1  2  3 |
---------------+----------+-----
Armour         | 1 2 |  2.3
Fighting       | |  3.7
Maces & Flails | |  3.8
Dodging        | |  2.8
Spellcasting   | |  0.8

Action                     |  1- 3 |  4- 6 || total
---------------------------+-------+-------++-------
  Melee: Mace              |   100 |    47 ||   147
    Use: Potion            |     4 |     2 ||     6
         Scroll            |     1 |     4 ||     5
 Armour: Robe              |    50 |    14 ||    64
         Ring mail         |       |     6 ||     6
         Leather armour    |       |     1 ||     1
  Dodge: Dodged            |    78 |    23 ||   101
